[Event "42nd Olympiad Baku 2016 Open"]
[Site "Baku"]
[Date "2016.09.05"]
[Round "4.31"]
[White "Fawzy, Adham"]
[Black "Macias Murillo, Bryan"]
[Result "1-0"]
[ECO "B41"]
[WhiteElo "2451"]
[BlackElo "2276"]
[Annotator ""]
[PlyCount "111"]
[EventDate "2016.??.??"]
[EventCountry "AZE"]
[SourceTitle "playchess.com"]
[Source "ChessBase"]
[WhiteTeam "Egypt"]
[BlackTeam "Ecuador"]
[WhiteTeamCountry "EGY"]
[BlackTeamCountry "ECU"]
[TimeControl "40/5400+30:1800+30"]

1. e4 {(00:00)} c5 {(00:00)} 2. Nf3 {(00:00)} e6 {(
00:26)} 3. d4 {(00:07)} cxd4 {(00:06)} 4. Nxd4 {(00:06)}
a6 {(00:06)} 5. c4 {(00:11)} Nf6 {(00:27)} 6. Nc3 {
(00:13)} d6 {(00:14)} 7. Be3 {(00:08)} b6 {(00:15)}
8. Be2 {(00:29)} Bb7 {(01:18)} 9. f3 {(00:09)} Nbd7 {
(00:06)} 10. O-O {(00:58)} Be7 {(00:05)} 11. Rc1 {(
01:03)} O-O {(00:10)} 12. Qe1 {(01:28)} Qc7 {(02:56)} 13.
Qf2 {(01:15)} Rfe8 {(00:37)} 14. g4 {(04:49)} Nf8 {
(04:33)} 15. Na4 {(03:03)} N6d7 {(00:13)} 16. b4 {(
02:44)} Rac8 {(01:15)} 17. Nb3 {(02:23)} Bd8 {(00:06)} 18.
c5 {(02:22)} bxc5 {(23:01)} 19. bxc5 {(00:12)} Qc6 {
(01:54)} 20. Rc4 {(24:47)} Ne5 {(27:22)} 21. Rb4 {(
01:50)} d5 {(10:26)} 22. Nb6 {(06:39)} Bxb6 {(03:41)} 23.
Rxb6 {(00:08)} Qc7 {(01:34)} 24. Na5 {(08:25)} Ba8 {
(00:47)} 25. f4 {(00:46)} Nc4 {(08:12)} 26. Bxc4 {(
00:52)} dxc4 {(00:03)} 27. c6 {(00:10)} Rb8 {(03:13)} 28.
Rxa6 {(02:07)} Rb5 {(00:55)} 29. Bb6 {(09:18)} Qc8 {
(01:36)} 30. Ra7 {(00:10)} Rxa5 {(04:03)} 31. Bxa5 {
(02:40)} Qxc6 {(00:07)} 32. Re1 {(00:11)} Ng6 {(00:
31)} 33. Bc3 {(01:20)} Qd6 {(03:02)} 34. f5 {(09:01)} Nf4
{(01:59)} 35. Qd4 {(00:48)} Qxd4+ {(00:58)} 36. Bxd4 {
(00:01)} e5 {(00:10)} 37. Bc3 {(02:11)} Nh3+ {(01:
24)} 38. Kf1 {(00:07)} Ng5 {(00:09)} 39. Re3 {(02:56)} f6
{(00:34)} 40. h4 {(00:00)} Nf7 {(00:00)} 41. Rc7 {(
01:22)} Rd8 {(04:28)} 42. Rxc4 {(03:39)} Bb7 {(01:55)} 43.
Rc7 {(01:38)} Rb8 {(02:14)} 44. g5 {(00:39)} fxg5 {
(08:08)} 45. hxg5 {(00:07)} Nxg5 {(00:10)} 46. Bxe5 {
(00:12)} Ba6+ {(00:07)} 47. Kf2 {(00:30)} Rb7 {(00:
33)} 48. Kg3 {(01:14)} g6 {(02:55)} 49. Kf4 {(00:51)} Rxc7
{(01:55)} 50. Bxc7 {(00:11)} h6 {(00:10)} 51. Ra3 {
(00:58)} Bb7 {(00:28)} 52. fxg6 {(00:51)} Kg7 {(04:
24)} 53. Ra7 {(00:13)} Bc8 {(01:30)} 54. Bd8+ {(00:08)}
Kxg6 {(00:06)} 55. Bxg5 {(00:06)} hxg5+ {(00:05)} 56. Ke5
{(00:05)} 1-0

[Event "42nd Olympiad Baku 2016 Open"]
[Site "Baku"]
[Date "2016.09.05"]
[Round "4.4"]
[White "Fernandes, Antonio"]
[Black "Mertens, Marc"]
[Result "1-0"]
[ECO "A45"]
[WhiteElo "2413"]
[BlackElo "2181"]
[Annotator ""]
[PlyCount "83"]
[EventDate "2016.??.??"]
[EventCountry "AZE"]
[SourceTitle "playchess.com"]
[Source "ChessBase"]
[WhiteTeam "Portugal"]
[BlackTeam "Luxembourg"]
[WhiteTeamCountry "POR"]
[BlackTeamCountry "LUX"]
[TimeControl "40/5400+30:1800+30"]

1. d4 {(00:00)} Nf6 {(00:00)} 2. Bg5 {(01:52)} Ne4 {
(00:00)} 3. Bh4 {(01:17)} g5 {(00:51)} 4. f3 {(00:
35)} gxh4 {(00:07)} 5. fxe4 {(00:02)} c5 {(00:39)} 6. e3 {
(00:07)} Bh6 {(00:53)} 7. Qd3 {(00:51)} Qb6 {(01:
43)} 8. b3 {(00:12)} Nc6 {(01:23)} 9. c3 {[%emt 1:07:04)} a5 {
(03:39)} 10. Nd2 {(03:33)} a4 {(00:19)} 11. Rb1 {(
01:58)} axb3 {(00:59)} 12. axb3 {(00:08)} Ra2 {(28:51)}
13. Ngf3 {(00:40)} h3 {(08:36)} 14. g3 {(00:40)} d6 {
(00:15)} 15. Be2 {(00:37)} O-O {(00:49)} 16. O-O {(
05:18)} cxd4 {(11:40)} 17. exd4 {(00:29)} Ne5 {(09:32)}
18. Nxe5 {(09:00)} Rxd2 {(09:10)} 19. Nc4 {(00:04)} Rxd3 {
(00:36)} 20. Nxb6 {(00:02)} Rxc3 {(03:13)} 21. Nd5 {
(00:58)} Rc2 {(00:48)} 22. Nxe7+ {(01:10)} Kg7 {(
06:16)} 23. Bf3 {(01:17)} Be3+ {(01:08)} 24. Kh1 {(00:01)}
Bxd4 {(00:13)} 25. Rbc1 {(01:45)} Rxc1 {(00:53)} 26. Rxc1
{(00:01)} Be6 {(00:24)} 27. Nf5+ {(00:19)} Bxf5 {(
01:31)} 28. exf5 {(00:01)} b6 {(01:25)} 29. Bg4 {(00:34)}
Re8 {(01:16)} 30. Bxh3 {(00:09)} Re3 {(00:26)} 31. Rc4 {
(01:17)} Rd3 {(00:54)} 32. Bf1 {(00:31)} Rd1 {(00:
46)} 33. Kg2 {(00:02)} Rd2+ {(00:38)} 34. Kh3 {(00:40)}
Bg1 {(00:55)} 35. Bg2 {(00:08)} Kf6 {(00:26)} 36. Rc7 {
(00:32)} h6 {(01:16)} 37. b4 {(00:19)} Rb2 {(03:02]
} 38. Rc1 {(02:28)} Bd4 {(00:56)} 39. Rc4 {(01:19)} Ke5 {
(00:23)} 40. Rc7 {(00:00)} f6 {(00:00)} 41. Re7+ {(
00:17)} Kxf5 {(01:17)} 42. Be4+ {(00:01)} 1-0

[Event "42nd Olympiad Baku 2016 Open"]
[Site "Baku"]
[Date "2016.09.05"]
[Round "4.6"]
[White "Fidow, Kassim Hassan"]
[Black "Flanagan, Mark"]
[Result "0-1"]
[ECO "D10"]
[WhiteElo "1567"]
[BlackElo "1768"]
[Annotator ""]
[PlyCount "72"]
[EventDate "2016.??.??"]
[EventCountry "AZE"]
[SourceTitle "playchess.com"]
[Source "ChessBase"]
[WhiteTeam "Somalia"]
[BlackTeam "Bermuda"]
[WhiteTeamCountry "SOM"]
[BlackTeamCountry "BER"]
[TimeControl "40/5400+30:1800+30"]

1. d4 {(01:36)} d5 {(00:00)} 2. c4 {(00:13)} c6 {(
00:00)} 3. Nc3 {(00:08)} Nf6 {(00:00)} 4. e3 {(00:09)} a6
{(00:00)} 5. Bd3 {(00:12)} b5 {(00:25)} 6. cxd5 {(
00:43)} cxd5 {(00:08)} 7. a3 {(00:20)} e6 {(00:29)} 8. Nf3
{(00:03)} Nbd7 {(02:40)} 9. O-O {(00:14)} Bb7 {(02:
13)} 10. Re1 {(00:02)} Be7 {(01:15)} 11. h3 {(04:28)} O-O
{(00:13)} 12. e4 {(01:47)} dxe4 {(01:03)} 13. Nxe4 {
(00:19)} Nxe4 {(00:11)} 14. Bxe4 {(00:10)} Bxe4 {(
00:03)} 15. Rxe4 {(00:09)} Nf6 {(00:32)} 16. Rh4 {(01:24)}
Nd5 {(03:19)} 17. Re4 {(06:15)} Rc8 {(01:29)} 18. Bd2 {
(00:32)} Nf6 {(10:28)} 19. Re1 {(01:48)} Qd5 {(09:
58)} 20. Bg5 {(04:14)} Rfd8 {(10:30)} 21. Qd2 {(06:03)}
Qb7 {(12:48)} 22. Rac1 {(02:15)} Nd5 {(02:31)} 23. Bxe7 {
(02:35)} Nxe7 {(05:37)} 24. Qg5 {(00:59)} h6 {(02:
25)} 25. Qh5 Nf5 {(09:23)} 26. Rxc8 {(07:27)} Rxc8 {(02:
09)} 27. Ne5 {(01:21)} Rd8 {(04:47)} 28. Rc1 {(21:38)}
Nxd4 {(06:50)} 29. Rc3 {(05:30)} Nf5 {(00:58)} 30. Rc6 {
(03:54)} g6 {(01:15)} 31. Nxg6 {(10:00)} Qxc6 {(00:
13)} 32. Ne5 {(01:10)} Qc1+ {(00:09)} 33. Kh2 Qf4+ 34. Kg1 {
(01:05)} Qxe5 {(00:39)} 35. g4 {(00:11)} Rd1+ {(00:
48)} 36. Kg2 {(00:55)} Qe4+ {(00:18)} 0-1

[Event "42nd Olympiad Baku 2016 Open"]
[Site "Baku"]
[Date "2016.09.05"]
[Round "4.35"]
[White "Gadimbayli, Abdulla"]
[Black "Atabayev, Saparmyrat"]
[Result "0-1"]
[ECO "B42"]
[WhiteElo "2294"]
[BlackElo "2406"]
[Annotator ""]
[PlyCount "106"]
[EventDate "2016.??.??"]
[EventCountry "AZE"]
[SourceTitle "playchess.com"]
[Source "ChessBase"]
[WhiteTeam "Azerbaijan"]
[BlackTeam "Turkmenistan"]
[WhiteTeamCountry "AZE"]
[BlackTeamCountry "TKM"]
[TimeControl "40/5400+30:1800+30"]

1. e4 {(00:00)} c5 {(00:00)} 2. Nf3 {(00:00)} e6 {(
00:00)} 3. d4 {(00:00)} cxd4 {(00:00)} 4. Nxd4 {(00:00)}
a6 {(00:00)} 5. Bd3 {(00:05)} Qc7 {(00:12)} 6. O-O {
(00:45)} Nf6 {(00:16)} 7. Qe2 {(00:34)} d6 {(00:25]
} 8. c4 {(01:41)} Be7 {(01:37)} 9. Nc3 {(02:52)} Nc6 {
(04:01)} 10. Nxc6 {(11:28)} bxc6 {(00:07)} 11. f4 {
(02:57)} Nd7 {(02:19)} 12. Be3 {(13:46)} c5 {(26:
58)} 13. Rad1 O-O 14. Bb1 {(05:52)} Rd8 {(06:54)} 15. e5 {
(14:53)} g6 {(07:16)} 16. exd6 {(10:13)} Bxd6 {(01:
07)} 17. Ne4 {(00:26)} Be7 {(01:58)} 18. f5 {(12:16)} exf5
{(05:07)} 19. Bf4 {(01:11)} Qa7 {(01:11)} 20. Bg5 {
(10:31)} f6 {(03:55)} 21. Nc3 {(02:26)} Nf8 {(08:
03)} 22. Bh6 {(03:54)} Rxd1 {(11:01)} 23. Rxd1 {(00:23)}
Kf7 {(04:01)} 24. Nd5 {(02:29)} Be6 {(01:31)} 25. Nf4 {
(00:49)} Qb6 {(00:41)} 26. Re1 {(01:58)} Re8 {(00:
44)} 27. Qf3 {(01:25)} Bd6 {(02:11)} 28. Nxe6 {(00:30)}
Rxe6 {(01:13)} 29. Rd1 {(00:34)} Qxb2 {(01:01)} 30. Bxf8 {
(00:28)} Kxf8 {(01:00)} 31. Bd3 {(00:30)} Qe5 {(01:
30)} 32. Qh3 {(00:32)} Kg7 {(00:21)} 33. Bf1 {(00:07)} Qf4
{(00:24)} 34. Rb1 {(00:34)} Re3 {(02:53)} 35. Rb7+ {
(00:13)} Be7 {(00:09)} 36. g3 {(00:05)} Qd4 {(00:
27)} 37. Kh1 {(00:13)} Re1 {(00:50)} 38. Qg2 {(00:07)} Qe3
{(01:36)} 39. Rd7 {(01:28)} Qe6 {(03:01)} 40. Rb7 {
(00:00)} Kf8 {(00:00)} 41. Rb8+ {(03:10)} Kf7 {(01:
25)} 42. Qf2 {(01:18)} Qe4+ {(01:41)} 43. Kg1 {(00:01)}
Bd6 {(04:46)} 44. Rb7+ {(00:01)} Ke8 {(02:33)} 45. Qd2 {
(00:32)} Qxb7 {(03:24)} 46. Qxe1+ {(02:29)} Be5 {(
00:04)} 47. Bg2 {(01:26)} Qb2 {(00:18)} 48. Qd1 {(01:17)}
Bd4+ {(00:20)} 49. Kh1 {(00:05)} Qxa2 {(00:21)} 50. Qf3 {
(01:31)} Qb1+ {(01:17)} 51. Bf1 {(00:01)} Ke7 {(01:
42)} 52. Kg2 {(00:16)} g5 {(00:43)} 53. Qe2+ {(00:33)}
Qe4+ {(00:46)} 0-1

[Event "42nd Olympiad Baku 2016 Open"]
[Site "Baku"]
[Date "2016.09.05"]
[Round "4.2"]
[White "Galego, Luis"]
[Black "Berend, Fred"]
[Result "1-0"]
[ECO "A04"]
[WhiteElo "2458"]
[BlackElo "2328"]
[Annotator ""]
[PlyCount "109"]
[EventDate "2016.??.??"]
[EventCountry "AZE"]
[SourceTitle "playchess.com"]
[Source "ChessBase"]
[WhiteTeam "Portugal"]
[BlackTeam "Luxembourg"]
[WhiteTeamCountry "POR"]
[BlackTeamCountry "LUX"]
[TimeControl "40/5400+30:1800+30"]

1. Nf3 {(00:00)} c5 {(00:00)} 2. g3 {(01:34)} Nc6 {
(00:21)} 3. Bg2 {(00:17)} g6 {(00:08)} 4. O-O {(01:
17)} Bg7 {(00:59)} 5. c4 {(00:07)} d6 {(04:19)} 6. Nc3 {
(00:56)} e5 {(00:45)} 7. a3 {(05:47)} a5 {(02:20)}
8. d3 {(02:57)} Nge7 {(00:32)} 9. Ne1 {(05:40)} Be6 {
(02:15)} 10. Nc2 {(00:51)} d5 {(16:28)} 11. cxd5 {(
01:38)} Nxd5 {(00:05)} 12. Ne4 {(02:37)} b6 {(05:35)} 13.
Ng5 {(00:55)} Bc8 {(02:20)} 14. Ne3 {(05:59)} Nde7 {
(01:31)} 15. Nc4 {(09:49)} O-O {(04:06)} 16. a4 {(
04:22)} Rb8 {(03:45)} 17. Ne4 {(05:59)} Be6 {(03:05)} 18.
Bd2 {(01:58)} h6 {(02:28)} 19. Ra3 {(13:39)} Nd5 {(
08:09)} 20. Ned6 {(01:25)} Qe7 {(03:40)} 21. Nb5 {(03:02)}
Rfd8 {(00:47)} 22. Qc1 {(01:03)} Kh7 {(00:23)} 23. Re1 {
(01:23)} Rd7 {(05:31)} 24. Nc3 {(04:05)} Ndb4 {(01:
34)} 25. Nb5 {(02:25)} Qd8 {(08:09)} 26. Bc3 {(04:41)} Nd4
{(01:31)} 27. Nxd4 {(00:40)} exd4 {(00:09)} 28. Bd2 {
(00:56)} Bd5 {(04:29)} 29. Bxb4 {(02:20)} axb4 {(
03:38)} 30. Ra1 {(00:53)} Re7 {(08:31)} 31. Bxd5 {(01:20)}
Qxd5 {(00:02)} 32. Qf4 {(01:04)} Be5 {(01:57)} 33. Qf3 {
(00:22)} Qe6 {(01:35)} 34. e3 {(03:36)} Qd7 {(02:
48)} 35. Nxe5 {(04:34)} Rxe5 {(00:01)} 36. exd4 {(00:05)}
Rf5 {(00:48)} 37. Qe4 {(00:20)} cxd4 {(01:54)} 38. Rac1 {
(00:12)} Rd8 {(01:34)} 39. b3 {(00:35)} Rf6 {(00:
15)} 40. Qe7 {(00:00)} Qf5 {(00:00)} 41. f4 {(06:53)} Rdd6
{(06:07)} 42. Qe4 {(04:00)} Qh3 {(02:51)} 43. Qg2 {
(00:45)} Qf5 {(01:14)} 44. Qe4 {(00:52)} Qh3 {(00:
23)} 45. Qe8 {(00:42)} g5 {(02:33)} 46. fxg5 {(07:54)}
hxg5 {(04:00)} 47. Rc8 {(01:26)} Kg6 {(02:09)} 48. Qg8+ {
(01:15)} Kf5 {(00:10)} 49. Rc2 {(02:23)} Rde6 {(07:
36)} 50. Rf2+ {(04:04)} Kg4 {(00:07)} 51. Rxe6 {(00:14)}
Rxe6 {(06:45)} 52. Rf4+ {(00:18)} Kh5 {(00:20)} 53. Qh7+ {
(02:50)} Rh6 {(00:01)} 54. Qxf7+ {(00:07)} Rg6 {(
00:06)} 55. Rf6 {(00:14)} 1-0

[Event "42nd Olympiad Baku 2016 Open"]
[Site "Baku"]
[Date "2016.09.05"]
[Round "4.36"]
[White "Garcia Guerrero, Isaac Antonio"]
[Black "Sadiku, Bedri"]
[Result "1-0"]
[ECO "A45"]
[WhiteElo "2308"]
[BlackElo "2189"]
[Annotator ""]
[PlyCount "51"]
[EventDate "2016.??.??"]
[EventCountry "AZE"]
[SourceTitle "playchess.com"]
[Source "ChessBase"]
[WhiteTeam "Mexico"]
[BlackTeam "Kosovo"]
[WhiteTeamCountry "MEX"]
[BlackTeamCountry "KOS"]
[TimeControl "40/5400+30:1800+30"]

1. d4 {(00:00)} Nf6 {(00:15)} 2. Bg5 {(00:00)} e6 {
(06:56)} 3. Nd2 d5 {(01:22)} 4. e3 {(00:23)} Nbd7 {
(05:20)} 5. Ngf3 {(00:42)} Bd6 {(01:18)} 6. Bd3 {(
00:31)} c6 {(05:29)} 7. Qe2 {(01:38)} Qc7 {(14:51)} 8. e4
{(03:56)} dxe4 {(03:44)} 9. Nxe4 {(00:43)} Nxe4 {(
03:56)} 10. Qxe4 {(02:34)} h6 {(02:06)} 11. Qh4 {(07:30)}
Rf8 {(04:43)} 12. Bd2 {(03:02)} Nf6 {(03:37)} 13. O-O {
(15:39)} b6 {(04:52)} 14. Rfe1 {(22:56)} Bb7 {(04:
40)} 15. a4 {(02:05)} O-O-O {(08:18)} 16. Ne5 {(08:34)} c5
{(05:18)} 17. a5 {(04:47)} cxd4 {(09:57)} 18. axb6 {
(07:10)} axb6 {(00:44)} 19. Qxd4 {(02:36)} Bc5 {(
05:13)} 20. Qa4 {(04:58)} Rd4 {(01:46)} 21. b4 {(04:46)}
Bd6 {(03:50)} 22. Nf3 {(01:31)} Bxf3 {(02:04)} 23. gxf3 {
(00:16)} Nd5 {(00:15)} 24. Re4 {(01:59)} e5 {(00:
18)} 25. Rxd4 {(00:32)} exd4 {(00:12)} 26. Qa8+ {(00:29)}
1-0

[Event "42nd Olympiad Baku 2016 Open"]
[Site "Baku"]
[Date "2016.09.05"]
[Round "4.27"]
[White "Garcia Paolicchi, Raul"]
[Black "Sie Thu"]
[Result "0-1"]
[ECO "E45"]
[WhiteElo "2153"]
[BlackElo "2148"]
[Annotator ""]
[PlyCount "80"]
[EventDate "2016.??.??"]
[EventCountry "AZE"]
[SourceTitle "playchess.com"]
[Source "ChessBase"]
[WhiteTeam "Andorra"]
[BlackTeam "Myanmar"]
[WhiteTeamCountry "AND"]
[BlackTeamCountry "MYA"]
[TimeControl "40/5400+30:1800+30"]

1. d4 {(00:00)} Nf6 {(00:00)} 2. c4 {(00:00)} e6 {(
00:04)} 3. Nc3 {(00:00)} Bb4 {(00:09)} 4. e3 {(00:04)} b6
{(00:21)} 5. Nge2 {(00:11)} Ba6 {(00:46)} 6. a3 {(
00:28)} Bxc3+ {(00:07)} 7. Nxc3 {(00:13)} d5 {(00:29)} 8.
Qa4+ {(00:35)} Qd7 {(00:43)} 9. Qxd7+ {(00:42)} Nbxd7 {
(01:46)} 10. Nb5 {(00:44)} Kd8 {(02:11)} 11. cxd5 {
(01:02)} exd5 {(00:58)} 12. Nxc7 {(01:25)} Bxf1 {(
00:23)} 13. Nxa8 {(00:05)} Ba6 {(00:34)} 14. Bd2 {(03:00)}
Bb7 {(00:22)} 15. Nxb6 {(00:22)} Nxb6 {(00:34)} 16. b3 {
(03:50)} Ba6 {(04:40)} 17. f3 {(04:33)} Kd7 {(00:
32)} 18. Bb4 {(03:09)} Rb8 {(02:39)} 19. Kd2 {(04:24)} Na8
{(03:20)} 20. Rhc1 {(04:03)} Nc7 {(01:03)} 21. Rc5 {
(14:52)} Bb5 {(04:24)} 22. Rc3 {(02:11)} Ne6 {(05:
26)} 23. Rac1 {(05:50)} Ne8 {(03:38)} 24. Ba5 {(02:43)} f5
{(02:07)} 25. g3 {(02:05)} Ng5 {(01:13)} 26. Rc5 {(
10:37)} Nxf3+ {(03:18)} 27. Kd1 {(00:07)} Ke6 {(00:50)}
28. R1c2 {(06:12)} Ng5 {(02:01)} 29. Rc8 {(03:49)} Rb7 {
(00:26)} 30. Bb4 {(01:49)} Ne4 {(03:22)} 31. Ke1 {(
07:55)} a5 {(06:25)} 32. Bxa5 {(02:16)} Bd7 {(00:10)} 33.
Ra8 {(01:56)} Rxb3 {(00:29)} 34. Bd2 {(01:32)} N8d6 {
(02:19)} 35. Bc1 {(02:08)} Nc4 {(01:42)} 36. Ke2 {(
00:44)} Nc3+ {(07:40)} 37. Kf3 {(02:53)} Nb5 {(05:29)} 38.
Ra6+ {(01:21)} Ke7 {(00:29)} 39. Kf4 {(01:24)} h6 {
(01:13)} 40. h4 {(00:00)} Nc7 {(00:00)} 0-1

[Event "42nd Olympiad Baku 2016 Open"]
[Site "Baku"]
[Date "2016.09.05"]
[Round "4.5"]
[White "Ghaem Maghami, Ehsan"]
[Black "Jones, Richard S"]
[Result "1-0"]
[ECO "E68"]
[WhiteElo "2566"]
[BlackElo "2396"]
[Annotator ""]
[PlyCount "45"]
[EventDate "2016.??.??"]
[EventCountry "AZE"]
[SourceTitle "playchess.com"]
[Source "ChessBase"]
[WhiteTeam "Iran"]
[BlackTeam "Wales"]
[WhiteTeamCountry "IRI"]
[BlackTeamCountry "WLS"]
[TimeControl "40/5400+30:1800+30"]

1. c4 {(00:00)} e5 {(00:00)} 2. Nc3 {(00:15)} Nf6 {
(00:00)} 3. g3 {(00:58)} g6 {(00:00)} 4. Bg2 {(06:
54)} Bg7 {(00:00)} 5. Nf3 {(08:48)} d6 {(00:15)} 6. d4 {
(00:39)} Nbd7 {(00:15)} 7. O-O {(06:33)} O-O {(00:
12)} 8. e4 {(06:03)} c6 {(00:19)} 9. Re1 {(06:40)} exd4 {
(07:05)} 10. Nxd4 {(00:16)} Re8 {(00:17)} 11. h3 {(
02:16)} Qb6 {(01:46)} 12. Nc2 {(09:15)} Qc7 {(12:39)} 13.
b3 {(05:43)} Nc5 {(21:45)} 14. Bf4 {(01:54)} Rd8 {(
10:44)} 15. Qd2 {(01:11)} a5 {(06:30)} 16. Rad1 {(01:54)}
Be6 {(08:18)} 17. Qe3 {(08:27)} Nh5 {(07:33)} 18. Bh6 {
(02:18)} Bh8 {(01:59)} 19. g4 {(01:39)} Nf6 {(00:
39)} 20. e5 {(08:20)} Ne8 {(00:45)} 21. exd6 {(01:52)}
Nxd6 {(00:30)} 22. Bf4 {(01:41)} b6 {(02:56)} 23. Nd4 {
(03:14)} 1-0

[Event "42nd Olympiad Baku 2016 Open"]
[Site "Baku"]
[Date "2016.09.05"]
[Round "4.3"]
[White "Gibson, Franklyn"]
[Black "Simelane Wandile"]
[Result "1-0"]
[ECO "A15"]
[WhiteElo "1987"]
[BlackElo "1615"]
[Annotator ""]
[PlyCount "91"]
[EventDate "2016.??.??"]
[EventCountry "AZE"]
[SourceTitle "playchess.com"]
[Source "ChessBase"]
[WhiteTeam "Bahamas"]
[BlackTeam "SWZ"]
[WhiteTeamCountry "BAH"]
[TimeControl "40/5400+30:1800+30"]

1. c4 {(00:00)} Nf6 {(00:00)} 2. g3 {(00:00)} g6 {(
02:22)} 3. Bg2 {(00:00)} Bg7 {(00:14)} 4. Nc3 {(00:12)} d6
{(00:32)} 5. d3 {(00:37)} O-O {(00:55)} 6. Rb1 {(
01:53)} c6 {(05:10)} 7. e3 {(01:58)} a5 {(06:17)} 8. Nge2
{(00:35)} Na6 {(00:25)} 9. O-O {(00:19)} Bd7 {(07:
52)} 10. a3 {(00:40)} Qc7 {(06:07)} 11. b4 {(02:51)} axb4
{(03:12)} 12. axb4 {(00:03)} Qc8 {(03:32)} 13. Re1 {
(01:09)} Bh3 {(00:58)} 14. Bh1 {(00:34)} Rb8 {(10:
32)} 15. b5 {(03:17)} cxb5 {(07:34)} 16. cxb5 {(16:25)}
Nc5 {(02:03)} 17. d4 {(00:52)} Ne6 {(02:29)} 18. Qb3 {
(03:32)} Ng5 {(02:48)} 19. Nf4 {(04:07)} Bg4 {(05:
25)} 20. Rf1 {(13:05)} Nf3+ {(06:02)} 21. Kg2 {(00:04)} e5
{(01:47)} 22. h3 {(00:22)} exf4 {(01:01)} 23. hxg4 {
(00:09)} Qxg4 {(00:37)} 24. exf4 {(02:08)} Nxd4 {(
02:44)} 25. Qd1 {(02:38)} Qxd1 {(04:36)} 26. Rxd1 {(00:02]
} Nf5 {(01:43)} 27. Ba3 {(03:02)} Rfd8 {(03:05)} 28. Kh3 {
(04:42)} h5 {(00:22)} 29. Rd3 {(01:20)} Ng4 {(01:
48)} 30. Kg2 {(05:14)} Rbc8 {(05:14)} 31. Rc1 {(07:22)}
Bxc3 {(02:48)} 32. Rcxc3 {(00:03)} Rxc3 {(00:16)} 33. Rxc3
{(00:15)} Rd7 {(00:06)} 34. b6 {(06:00)} d5 {(00:
15)} 35. Rc7 {(00:59)} Rd8 {(01:22)} 36. Rxb7 {(00:02)} d4
{(00:31)} 37. Kf1 {(04:32)} d3 {(00:42)} 38. Bf3 {(
01:49)} d2 {(00:44)} 39. Bd1 {(00:15)} Nd6 {(01:19)} 40.
Re7 {(00:00)} Nc4 {(00:00)} 41. Bc5 {(09:53)} Nb2 {
(11:25)} 42. Ke2 {(01:34)} Nxd1 {(01:42)} 43. Kxd1 {
(00:15)} Nh2 {(03:28)} 44. b7 {(01:42)} Nf3 {(07:
38)} 45. Rc7 {(01:48)} Kh7 {(04:58)} 46. Rc8 {(01:00)} 1-0

[Event "42nd Olympiad Baku 2016 Open"]
[Site "Baku"]
[Date "2016.09.05"]
[Round "4.25"]
[White "Gomez, John Paul"]
[Black "Minero Pineda, Sergio"]
[Result "1-0"]
[ECO "C11"]
[WhiteElo "2492"]
[BlackElo "2391"]
[Annotator ""]
[PlyCount "87"]
[EventDate "2016.??.??"]
[EventCountry "AZE"]
[SourceTitle "playchess.com"]
[Source "ChessBase"]
[WhiteTeam "Philippines"]
[BlackTeam "Costa Rica"]
[WhiteTeamCountry "PHI"]
[BlackTeamCountry "CRI"]
[TimeControl "40/5400+30:1800+30"]

1. e4 {(00:00)} e6 {(00:48)} 2. d4 {(00:00)} d5 {(
00:03)} 3. Nc3 {(00:00)} Nf6 {(00:11)} 4. Bg5 {(00:01)}
dxe4 {(02:23)} 5. Nxe4 {(01:24)} Be7 {(00:08)} 6. Bxf6 {
(00:09)} gxf6 {(00:20)} 7. Nf3 {(00:20)} f5 {(00:
40)} 8. Nc3 {(00:45)} a6 {(00:55)} 9. g3 {(00:37)} b5 {
(13:18)} 10. Bg2 {(00:09)} Bb7 {(00:07)} 11. O-O {(
00:13)} Qd6 {(08:45)} 12. Re1 {(03:47)} Nd7 {(01:07)} 13.
d5 {(03:33)} e5 {(12:15)} 14. Qe2 {(05:23)} b4 {(
04:12)} 15. Nd1 {(21:33)} e4 {(15:43)} 16. Nd4 {(00:26)}
Qf6 {(01:58)} 17. Ne3 {(03:01)} Qxd4 {(01:38)} 18. Nxf5 {
(00:12)} Qxd5 {(15:19)} 19. Bxe4 {(01:51)} Qxe4 {(
03:14)} 20. Qxe4 {(00:17)} Bxe4 {(00:02)} 21. Rxe4 {(00:
08)} O-O-O {(02:22)} 22. Nxe7+ {(00:38)} Kb7 {(00:03)} 23.
Rxb4+ {(01:09)} Nb6 {(00:03)} 24. Nf5 {(02:20)} Rd2 {
(01:04)} 25. Ne3 {(00:21)} Rhd8 {(00:07)} 26. a4 {(
06:59)} Kc8 {(02:25)} 27. Rf4 {(03:11)} R8d7 {(02:31)} 28.
Re1 {(02:45)} Nd5 {(03:15)} 29. Nxd5 {(00:19)} R7xd5 {
(01:04)} 30. c4 {(05:10)} Rd7 {(02:14)} 31. b4 {(
01:16)} Ra2 {(00:24)} 32. c5 {(03:32)} Kb7 {(02:00)} 33.
b5 {(03:47)} axb5 {(00:30)} 34. axb5 {(00:05)} Rd5 {
(00:37)} 35. c6+ {(01:13)} Kb6 {(00:04)} 36. Rxf7 {
(00:18)} Rxb5 {(00:06)} 37. Ree7 {(01:21)} Ra7 {(
00:10)} 38. Rxh7 {(01:14)} Kxc6 {(00:09)} 39. h4 {(00:13)}
Kb6 {(03:49)} 40. Kg2 {(00:00)} Rf5 {(00:00)} 41. Ref7 {
(00:22)} Rd5 {(01:55)} 42. h5 {(00:39)} Ra2 {(00:
47)} 43. g4 {(00:54)} Rd4 {(00:47)} 44. Rhg7 {(00:33)} 1-0